 Dungeon Crawl Stone Soup version 0.19.4-8-ga85b6b9 (webtiles) character file.

4382 vatarom the Demonic Disaster (level 10, -2/79 HPs)
             Began as a Demonspawn Gladiator on Feb 12, 2017.
             Was a Believer of Qazlal.
             Slain by Erica
             ... wielding a +4 scimitar of flaming
              (5 damage)
             ... on level 9 of the Dungeon.
             The game lasted 00:17:40 (8991 turns).

vatarom the Demonic Disaster (Demonspawn Gladiator) Turns: 8991, Time: 00:17:41

Health: -2/79      AC: 12    Str: 16    XL:     10   Next: 13%
Magic:  19/19      EV: 13    Int:  9    God:    Qazlal [**....]
Gold:   356        SH:  0    Dex: 20    Spells: 0 memorised, 9 levels left

rFire  . . .     SeeInvis .     a - +1 quarterstaff
rCold  + . .     Gourm    .     b - +0 leather armour
rNeg   . . .     Faith    .     (shield currently unavailable)
rPois  .         Spirit   .     A - +2 hat
rElec  .         Reflect  .     z - +0 cloak (curse)
rCorr  .         Harm     .     o - +0 pair of gloves
MR     .....                    j - +1 pair of boots
Stlth  +.........               (no amulet)
                                t - +3 ring of dexterity
                                s - ring of protection from cold (curse)

@: confused, lethally poisoned (-2 -> -12), slowed, drained, very slow
A: claws 1, thin metallic scales 1, powered by pain 2, rot immunity
a: Upheaval, Renounce Religion


You were on level 9 of the Dungeon.
You worshipped Qazlal.
Qazlal was pleased with you.
You were not hungry.

You visited 2 branches of the dungeon, and saw 10 of its levels.

You collected 356 gold pieces.

Inventory:

Hand Weapons
 a - a +1 quarterstaff (weapon)
 y - the +8 flail of Ofiset {crush, *Rage +Blink +Rage rF++ MR+++}
   (You found it on level 6 of the Dungeon)

   It inflicts extra damage upon your enemies.
   It greatly protects you from fire.
   It affects your resistance to hostile enchantments.
   It lets you blink.
   It lets you go berserk.
   It may make you go berserk in combat.
Armour
 b - a +0 leather armour (worn)
 j - a +1 pair of boots (worn)
 o - a +0 pair of gloves (worn)
 z - a cursed +0 cloak (worn)
 A - a +2 hat (worn)
Jewellery
 e - an uncursed ring of stealth
 h - a +1 ring of evasion
 s - a cursed ring of protection from cold (left hand)
 t - a +3 ring of dexterity (right hand)
Wands
 p - a wand of flame (17/48)
 q - a wand of random effects (18/48)
Scrolls
 k - 9 scrolls of identify
 n - 2 scrolls of enchant armour
 r - 3 scrolls of remove curse
Potions
 f - a potion of agility
Books
 c - a book of Conjurations

   Spells                             Type                      Level
   a - Magic Dart                     Conjuration                  1
   b - Searing Ray                    Conjuration                  2
   c - Dazzling Spray                 Conjuration/Hexes            3
   d - Fulminant Prism                Conjuration/Hexes            4
   e - Iskenderun's Mystic Blast      Conjuration                  4
   f - Iskenderun's Battlesphere      Conjuration/Charms           5
Comestibles
 d - 7 slices of pizza
 g - 9 meat rations
 i - 2 bread rations
 l - 2 royal jellies
 m - 3 beef jerkies


   Skills:
 - Level 7.0(6.9) Fighting
 + Level 7.7(7.6) Staves
 - Level 6.3(6.2) Throwing
 - Level 4.6(4.5) Armour
 - Level 2.6 Dodging
 + Level 12.4(12.3) Invocations


You had 9 spell levels left.
You didn't know any spells.

Dungeon Overview and Level Annotations

Branches:
Dungeon (9/15)             Temple (1/1) D:6
   Lair: D:8-11         Orc: D:9-12

Altars:
Ashenzari
Cheibriados
Dithmenos
Elyvilon
Fedhas
Gozag
Hepliaklqana
Kikubaaqudgha
Makhleb
Nemelex Xobeh
Okawaru
Qazlal
Ru
Sif Muna
Trog
Uskayaw
Vehumet
Xom
Yredelemnul
Zin
The Shining One

Shops:
D:9 *

Annotations:
D:7 Zorot's ghost, novice VSMo
D:9 Erica


Innate Abilities, Weirdness & Mutations

You have sharp fingernails.
You are partially covered in thin metallic scales. (AC +2)
You sometimes gain power by taking damage.
You are immune to rotting.


Message History

The bolt of poison hits you!
You are poisoned.
* * * LOW HITPOINT WARNING * * *
You see here a potion of lignification.
Evoke which item? (* to show all) (? for menu, Esc to quit)
Zapping:
q - a wand of random effects (will waste charges)
Press: ? - help, Shift-Dir - straight line, f/p - Erica
Aim: Erica, wielding a scimitar of flaming and wearing a robe (heavily wounded) Nothing appears to happen.
Evoking this partially-identified wand wasted a few charges.
* * * LOW HITPOINT WARNING * * *
You feel very sick. Erica casts a spell at you.
You resist with significant effort.
You hit Erica.
Erica is heavily wounded.
* * * LOW HITPOINT WARNING * * *
You feel sick.
Erica hits you with a scimitar of flaming.
You die...

#...............#
#.#.#.#.#.#.....# ..
#.........#.....# ...
#.#.#.#.#.'.....# ....
#.........#.....#
....##.#.#.#.#.#.....#
...............#####...
.......#.#§#.#.....#....
...♣...(..@@§.)....# ...
...?.....#..#...........
..♣∩♣....#.###...#.#..
#?....##.###.#.....#
#♣....#...+....#.#.+
#.....#...#........#
#..)..#'####+####.##
......##.......... .#
...#.. #.........$


You could see Erica.

Vanquished Creatures
  A wyvern (D:7)
  4 hogs (D:8)
  A human (D:8)
  3 orc warriors
  A phantom (D:6)
  A sky beast (D:5)
  An ice beast (D:6)
  3 ogres
  A centaur (D:9)
  A big kobold (D:8)
  A crocodile (D:8)
  4 bullfrogs
  3 scorpions
  10 wights
  5 howler monkeys
  3 crimson imps
  2 bullfrog zombies
  8 hounds
  4 orc priests
  12 orc wizards
  2 jellies
  An iguana (D:8)
  3 worker ants
  A hound zombie (D:7)
  11 adders
  3 gnolls
  A howler monkey skeleton (D:4)
  2 shadow imps
  2 oozes
  An adder zombie (D:6)
  4 adder skeletons
  3 worms
  A dart slug (D:4)
  A leopard gecko (D:8)
  34 orcs
  3 ball pythons
  7 bats
  3 giant cockroaches
  9 goblins
  14 hobgoblins
  4 jackals (D:3)
  2 quokkas
  8 frilled lizards
  17 kobolds
  A leopard gecko skeleton (D:5)
  12 rats
219 creatures vanquished.

Vanquished Creatures (others)
  An orc wizard (D:6)
1 creature vanquished.

Grand Total: 220 creatures vanquished

Notes
Turn   | Place    | Note
-------+----------+-------------------------------------------
     0 | D:1      | vatarom the Demonspawn Gladiator began the quest for the Orb.
     0 | D:1      | Reached XP level 1. HP: 16/16 MP: 1/1
   203 | D:1      | Gained mutation: You sometimes gain a little power by taking damage. [demonic ancestry]
   203 | D:1      | Reached XP level 2. HP: 18/22 MP: 2/2
   756 | D:2      | Reached XP level 3. HP: 24/27 MP: 3/3
   798 | D:2      | Found a deep blue altar of Sif Muna.
   982 | D:2      | Reached XP level 4. HP: 32/33 MP: 4/4
  1046 | D:2      | Found a hide-covered altar of Uskayaw.
  1046 | D:2      | Noticed a dagger
  1046 | D:2      | Noticed a hand axe
  1848 | D:3      | Gained mutation: You are partially covered in thin metallic scales. (AC +2) [demonic ancestry]
  1848 | D:3      | Reached XP level 5. HP: 31/39 MP: 5/5
  1972 | D:3      | Reached skill level 9 in Invocations
  1972 | D:3      | Reached XP level 6. HP: 52/52 MP: 5/13
  2680 | D:4      | Gained mutation: You have sharp fingernails. [demonic ancestry]
  2680 | D:4      | Reached XP level 7. HP: 58/59 MP: 14/14
  3145 | D:5      | Entered Level 5 of the Dungeon
  4021 | D:6      | Found a staircase to the Ecumenical Temple.
  4033 | Temple   | Entered the Ecumenical Temple
  4048 | Temple   | Became a worshipper of Qazlal Stormbringer
  4243 | D:6      | Gained mutation: You are immune to rotting. [demonic ancestry]
  4243 | D:6      | Reached XP level 8. HP: 63/67 MP: 15/15
  4271 | D:6      | Found a glowing silver altar of Zin.
  4590 | D:6      | Reached skill level 5 in Throwing
  4632 | D:6      | Reached skill level 10 in Invocations
  5185 | D:6      | Got a warped flail
  5215 | D:6      | Identified the +8 flail of Ofiset {crush, *Rage +Blink +Rage rF++ MR+++} (You found it on level 6 of the Dungeon)
  5229 | D:6      | Found a bloodstained altar of Trog.
  5233 | D:6      | Found a blossoming altar of Fedhas.
  6035 | D:6      | Reached XP level 9. HP: 72/72 MP: 15/17
  6389 | D:7      | Noticed Zorot's ghost (novice VSMo)
  6512 | D:7      | Reached * piety under Qazlal
  6638 | D:7      | Reached skill level 11 in Invocations
  7748 | D:8      | Reached ** piety under Qazlal
  8615 | D:8      | Reached skill level 12 in Invocations
  8636 | D:8      | Gained mutation: You sometimes gain power by taking damage. [demonic ancestry]
  8636 | D:8      | Reached XP level 10. HP: 36/79 MP: 19/19
  8952 | D:9      | Found Tuenurie's Assorted Antiques.
  8958 | D:9      | Noticed Erica
  8990 | D:9      | HP: 3/79 [poisoned by Erica (bolt of poison)]
  8991 | D:9      | Slain by Erica

Skill      XL: |  1  2  3  4  5  6  7  8  9 |
---------------+----------------------------+-----
Staves         | 3 4 6 7 |  7.7
Throwing       | 2 3 4 5 6 |  6.3
Fighting       | 6 7 |  7.0
Armour         | 4 |  4.6
Invocations    | 9 10 12 | 12.4
Dodging        | |  2.6

Action                   |  1- 3 |  4- 6 |  7- 9 | 10-12 || total
-------------------------+-------+-------+-------+-------++-------
Melee: Quarterstaff      |   104 |   164 |   583 |    43 ||   894
Throw: Throwing net      |     3 |       |     2 |       ||     5
       Javelin           |       |    13 |    41 |       ||    54
       Tomahawk          |       |       |    13 |     1 ||    14
Evoke: Wand              |       |       |       |     1 ||     1
  Use: Potion            |     1 |     3 |     7 |     1 ||    12
       Scroll            |     2 |     1 |    10 |       ||    13
 Stab: Sleeping          |     6 |     5 |     1 |       ||    12
       Held in net/web   |     1 |       |       |       ||     1
  Eat: Chunk             |       |     4 |     4 |       ||     8
       Bread ration      |       |     1 |     4 |       ||     5
Armor: Leather armour    |    27 |    50 |   208 |    15 ||   300
Dodge: Dodged            |    46 |    92 |   303 |    21 ||   462
Block: Other             |       |       |    14 |     5 ||    19
